 Dungeon Crawl Stone Soup version 0.26-a0-597-gb535b0901c (webtiles) character file.

Game seed: 5955828181942336912

(classic levelgen) 1500 EnegeticOcto the Chopper (level 8, -13/73 HPs)
             Began as a Deep Dwarf Fighter on Aug 26, 2020.
             Was an Initiate of Makhleb.
             Mangled by a two-headed ogre
             ... wielding a +0 giant spiked club
              (22 damage)
             ... on level 7 of the Dungeon.
             The game lasted 00:02:05 (3064 turns).

EnegeticOcto the Chopper (Deep Dwarf Fighter)       Turns: 3064, Time: 00:02:05

Health: -13/73     AC:  7    Str: 23    XL:     8   Next: 52%
Magic:  4/4        EV:  8    Int:  8    God:    Makhleb [......]
Gold:   177        SH: 11    Dex: 12    Spells: 7/7 levels left

rFire    . . .     SeeInvis .   a - +1 war axe
rCold    + . .     Faith    .   c - +1 kite shield
rNeg     . . .     Spirit   .   b - +0 scale mail
rPois    +         Reflect  .   (no helmet)
rElec    .         Harm     +   w - scarf {harm}
rCorr    .                      (no gloves)
MR       +....                  (no boots)
Stlth    ..........             (no amulet)
HPRegen  0.00/turn              j - ring of protection from cold
MPRegen  0.09/turn              m - ring of poison resistance

@: non-regenerating
A: damage resistance, heal wounds, sense surroundings 1, no regeneration
a: Heal Wounds, Renounce Religion


You were on level 7 of the Dungeon.
You worshipped Makhleb.
Makhleb was noncommittal.
You visited 2 branches of the dungeon, and saw 8 of its levels.

You collected 177 gold pieces.

Inventory:

Hand Weapons
 a - a +1 war axe (weapon)
Armour
 b - a +0 scale mail (worn)
 c - a +1 kite shield (worn)
 w - a scarf of harm (worn)
Jewellery
 j - a ring of protection from cold (left hand)
 m - a ring of poison resistance (right hand)
Wands
 r - a wand of polymorph (4)
Scrolls
 e - 8 scrolls of identify {@r1}
 f - 5 scrolls of teleportation {@r3}
 l - a scroll of fog
 s - a scroll of remove curse {@r2}
Potions
 d - 2 potions of might {@q3}
 i - a potion of haste {@q4}
 k - 2 potions of degeneration {unknown}
 q - a potion of brilliance {unknown}
 t - 2 potions of heal wounds {unknown}
 u - 3 potions of curing {unknown}
 v - a potion of berserk rage {unknown}


   Skills:
 + Level 4.9 Fighting
 * Level 7.4 Axes
 + Level 5.9 Armour
 + Level 6.0 Shields
 * Level 3.6 Invocations


You had 7 spell levels left.
You didn't know any spells.
Your spell library contained the following spells:

 Spells                   Type           Power        Failure   Level
 Corona                   Hex            #......      97%         1
 Summon Small Mammal      Summ           #...         97%         1
 Call Imp                 Summ           #.......     99%         2
 Ensorcelled Hibernation  Hex/Ice        #.....       99%         2
 Call Canine Familiar     Summ           #.......     100%        3
 Confusing Touch          Hex            #.......     100%        3
 Dazzling Flash           Conj/Hex       #.....       100%        3
 Summon Guardian Golem    Hex/Summ       #.......     100%        3
 Tukima's Dance           Hex            #.......     100%        3
 Summon Ice Beast         Ice/Summ       #.......     100%        4
 Summon Lightning Spire   Summ/Air       #.......     100%        4


Dungeon Overview and Level Annotations

Branches:
Dungeon (7/15)             Temple (1/1) D:6

Altars:
Cheibriados
Dithmenos
Elyvilon
Fedhas
Gozag
Kikubaaqudgha
Makhleb
Nemelex Xobeh
Okawaru
Ru
Trog
Vehumet
Wu Jian
Yredelemnul
Zin


Innate Abilities, Weirdness & Mutations

You are resistant to damage.
You can heal yourself by infusing magical energy.
You passively map a small area around you.
You do not regenerate.


Message History

It's stuck to you!
You remove your ring of poison resistance.
p - a ring of stealth (right hand)
You start putting on your amulet.
You continue putting on your thin cameo amulet. x5
You finish putting on your uncursed amulet of magic regeneration.
z - an amulet of magic regeneration (around neck) Drop what? 21/52 slots (_ for help) (? for menu, Esc to quit)
You remove your ring of stealth.
You drop an uncursed ring of stealth.
You start removing your amulet.
You continue taking off your amulet of magic regeneration. x3
You are no longer poisoned.
You continue taking off your amulet of magic regeneration.
You finish taking off your amulet of magic regeneration.
You drop an uncursed amulet of magic regeneration.
As you read the scroll of remove curse {@r2}, it crumbles to dust.
You feel as if something is helping you.
Drop what? 19/52 slots (_ for help) (? for menu, Esc to quit)
You remove your ring of attention.
You drop an uncursed ring of attention.
j - a ring of protection from cold (left hand)
m - a ring of poison resistance (right hand)
u - 3 dark potions (gained 1)
You open the door.
There is an open door here.
You open the door.
Found a trident.
There is an open door here.
You open the door.
There is an open door here.
You see here a trident.
You open the door.
Found a scale mail.
Found a stone staircase leading down.
There is an open door here.
A two-headed ogre comes into view.
It is wielding a +0 giant spiked club and a +0 giant club.
The two-headed ogre shouts in stereo!
A two-headed ogre is nearby!
A two-headed ogre is nearby!
A two-headed ogre is nearby!
A two-headed ogre is nearby!
A two-headed ogre is nearby!
The two-headed ogre barely misses you.
The two-headed ogre hits you with a +0 giant club!
You slash the two-headed ogre!
The two-headed ogre is lightly wounded.
The two-headed ogre hits you with a +0 giant spiked club!!
* * * LOW HITPOINT WARNING * * *
You block the two-headed ogre's attack.
You are too injured to fight recklessly!
You are too injured to fight recklessly!
You are too injured to fight recklessly!
You are too injured to fight recklessly!
You are too injured to fight recklessly!
You are too injured to fight recklessly!
You are too injured to fight recklessly!
You are too injured to fight recklessly!
You are too injured to fight recklessly!
You are too injured to fight recklessly!
You are too injured to fight recklessly!
You are too injured to fight recklessly!
You fail to use your ability.
You block the two-headed ogre's attack. x2
You feel much better.
You feel much better.
The two-headed ogre hits you with a +0 giant spiked club.
You block the two-headed ogre's attack.
You feel much better. You block the two-headed ogre's attack.
The two-headed ogre barely misses you.
You hit the two-headed ogre.
The two-headed ogre is moderately wounded.
You block the two-headed ogre's attack. The two-headed ogre closely misses you.
You hit the two-headed ogre.
The two-headed ogre is moderately wounded.
The two-headed ogre hits you with a +0 giant spiked club!
You block the two-headed ogre's attack.
You slash the two-headed ogre!
The two-headed ogre is heavily wounded.
You barely miss the two-headed ogre.
The two-headed ogre is heavily wounded.
The two-headed ogre hits you with a +0 giant spiked club!!
The two-headed ogre hits you with a +0 giant club!
* * * LOW HITPOINT WARNING * * *
You are too injured to fight recklessly!
You are too injured to fight recklessly!
You are too injured to fight recklessly!
You are too injured to fight recklessly!
You are too injured to fight recklessly!
You are too injured to fight recklessly!
You are too injured to fight recklessly!
You are too injured to fight recklessly!
You are too injured to fight recklessly!
You are too injured to fight recklessly!
You are too injured to fight recklessly!
You are too injured to fight recklessly!
You are too injured to fight recklessly!
You are too injured to fight recklessly!
You fail to use your ability.
The two-headed ogre hits you but does no damage.
The two-headed ogre hits you with a +0 giant club!!
You die...

,,,,,*,,,*,,,,,*****,,,,,,,,,,,,,
,,,,,*,,,**+**#........,,,,,,,,**
,,,,,+,,,,*,,,#.......,,,,,,,,,*
,,,,,*,,,,*,,,#......,,,,,,,,,,*
,,,,,*,,,,*,,,#.....,,,,,,,,,,>*
,,,,,*,,,,*,,,#....,,,,,,,,,,,,**
,,,,,*,,,*#####...,,,,,.......,,,
,,,,,*,,,*#.....O#+#####.....#***
,,,,,*,,,,+.....@#.....#.....#
,,,,,+,,,,#......#.....#.....#
,,,,,*,,,,#......'.....#.....#
,,,,,*,,,,#......#.....#.....#
,,,,,*,,,,#....>.#.....#.....#
,,,,,*,,,,#......#.....###'###
,,,,,*+***#......#)....'.....#
,,,,,*,,,,#..[...#.....#.....#
,,,,,*,,,,#......###'####=...#


You could see a two-headed ogre.

Vanquished Creatures
  Grinder (D:6)
  Sigmund (D:5)
  A water moccasin (D:7)
  An ice beast (D:6)
  2 centaurs
  An ogre (D:4)
  Blork the orc (D:6)
  2 bullfrogs
  A howler monkey (D:4)
  A gnoll shaman (D:5)
  A hound (D:5)
  A centaur skeleton (D:4)
  Jessica (D:3)
  2 iguanas
  2 orc wizards (D:3)
  4 worker ants
  8 gnolls
  4 adders
  An ufetubus (D:5)
  An ooze (D:5)
  3 worms (D:4)
  2 leopard geckos
  11 orcs
  A ball python (D:1)
  4 goblins
  3 hobgoblins (D:3)
  4 jackals (D:6)
  5 kobolds
  3 bats (D:3)
  6 frilled lizards
  A quokka skeleton (D:6)
  4 rats
84 creatures vanquished.

Notes
Turn   | Place    | Note
-------+----------+-------------------------------------------
     0 | D:1      | EnegeticOcto the Deep Dwarf Fighter began the quest for the
                  | Orb.
     0 | D:1      | Reached XP level 1. HP: 20/20 MP: 1/1
   138 | D:2      | Found an ancient bone altar of Kikubaaqudgha.
   161 | D:3      | Noticed Jessica
   167 | D:3      | Killed Jessica
   167 | D:3      | Reached skill level 3 in Axes
   167 | D:3      | Reached XP level 2. HP: 12/28 MP: 2/2
   167 | D:3      | Reached XP level 3. HP: 15/34 MP: 3/3
   301 | D:3      | Reached XP level 4. HP: 23/42 MP: 4/4
   446 | D:4      | Reached skill level 4 in Axes
   446 | D:4      | Reached XP level 5. HP: 24/49 MP: 4/4
   605 | D:4      | Noticed a moth of wrath
   608 | D:4      | Found a bloodstained altar of Trog.
   890 | D:4      | Noticed an ogre
   901 | D:4      | Killed an ogre
   901 | D:4      | Reached XP level 6. HP: 29/57 MP: 3/3
   925 | D:4      | Reached skill level 5 in Axes
  1073 | D:5      | Entered Level 5 of the Dungeon
  1122 | D:5      | Noticed Sigmund
  1133 | D:5      | Killed Sigmund
  1133 | D:5      | Reached skill level 5 in Shields
  1133 | D:5      | Reached XP level 7. HP: 33/64 MP: 3/3
  1250 | D:5      | Reached skill level 5 in Armour
  1415 | D:5      | Reached skill level 6 in Axes
  1580 | D:5      | Found a blossoming altar of Fedhas.
  2107 | D:6      | Found a staircase to the Ecumenical Temple.
  2127 | Temple   | Entered the Ecumenical Temple
  2205 | Temple   | Became a worshipper of Makhleb the Destroyer
  2313 | D:6      | Reached skill level 1 in Invocations
  2313 | D:6      | Reached XP level 8. HP: 30/73 MP: 3/3
  2328 | D:6      | Found a white marble altar of Elyvilon.
  2364 | D:6      | Noticed Grinder
  2406 | D:6      | Killed Grinder
  2406 | D:6      | Reached skill level 7 in Axes
  2596 | D:6      | Noticed Blork the orc
  2607 | D:6      | Killed Blork the orc
  3053 | D:7      | Noticed a two-headed ogre
  3064 | D:7      | Mangled by a two-headed ogre

Illustrated notes

Levels and vault maps discovered:
D:1:      onia_arrival_mini_maze_b, layout_rooms,
          hangedman_decor_clover_reticule
D:2:      layout_basic, kiku_gazebo_garden_becter, minmay_rat_hole,
          uniq_natasha, uniq_robin
D:3:      layout_basic, nicolae_ru_sacrificial_ziggurat, uniq_jessica
D:4:      layout_gridville, tgw_trog
D:5:      layout_basic, lemuel_doored_altar, palyth_stone_intersect,
          uniq_sigmund
D:6:      cheibrodos_helix_gallery, layout_cave_pods, overflow_temple_1_default,
          minmay_temple_entry_mist, uniq_blork_the_orc, uniq_grinder
D:7:      layout_gridville, gammafunk_temple_overflow_pools,
          hellmonk_ghost_happy_afterlife, grunt_ministairs_6,
          uniq_crazy_yiuf_cottage, uniq_duvessa
Temple:   eino_temple_scatter_basement

Skill      XL: |  1  2  3  4  5  6  7  8 |
---------------+-------------------------+-----
Fighting       | 3 4 |  4.9
Axes           | 3 4 5 6 7 |  7.4
Armour         | 4 5 |  5.9
Shields        | 4 5 6 |  6.0
Invocations    | 1 3 |  3.6

Action                   |  1- 3 |  4- 6 |  7- 9 || total
-------------------------+-------+-------+-------++-------
Melee: War axe           |    72 |   100 |   146 ||   318
 Abil: Heal Wounds       |     1 |     9 |     7 ||    17
  Use: Scroll            |       |       |     9 ||     9
Armor: Scale mail        |    29 |    27 |    54 ||   110
Dodge: Dodged            |    16 |    35 |    49 ||   100
Block: Kite shield       |    48 |    49 |    80 ||   177

Table legend: (Time is in decaauts)
 A = Elapsed time spent in this place.
 B = Non-inter-level travel time spent in this place.
 C = Inter-level travel time spent in this place.
 D = Time resting spent in this place.
 E = Time spent auto-exploring this place.
 F = Levels seen in this place.
 G = Mean time per level.
                   A        B        C        D        E       F      G
               +--------+--------+--------+--------+--------+-----+--------+
         Total |   3165 |   3011 |    154 |      0 |   2301 |   8 |  395.6 |
       Dungeon |   3068 |   2952 |    116 |      0 |   2246 |   7 |  438.3 |
        Temple |     96 |     58 |     38 |      0 |     55 |   1 |   96.0 |
               +--------+--------+--------+--------+--------+-----+--------+

Top non-repeatable levels by time:
     D:5: 983 daAuts
     D:6: 877 daAuts
     D:4: 770 daAuts
     D:3: 188 daAuts
     D:1: 144 daAuts
  Temple: 96 daAuts
     D:7: 75 daAuts
     D:2: 28 daAuts
